 Dungeon Crawl Stone Soup version 0.23.0-42-geed6394480 (webtiles) character file.

Game seed: 12277200362847649256

749 MisterOstroum the Firebug (level 7, -6/36 HPs)
             Began as a Deep Elf Fire Elementalist on Mar 1, 2019.
             Mangled by a hornet (8 damage)
             ... while paralysed by a hornet
             ... on level 6 of the Dungeon.
             The game lasted 00:57:33 (6129 turns).

MisterOstroum the Firebug (DEFE)                    Turns: 6129, Time: 00:57:34

Health: -6/36      AC:  7    Str:  7    XL:     7   Next: 48%
Magic:  2/19       EV:  2    Int: 25    God:
Gold:   344        SH:  0    Dex: 15    Spells: 10/19 levels left

rFire    + . .     SeeInvis .   b - +0 short sword
rCold    x x .     Gourm    .   (no shield)
rNeg     . . .     Faith    .   J - +3 leather armour of the Moon Troll {rC- Str+2 Int+3}
rPois    .         Spirit   .   y - +0 helmet
rElec    .         Reflect  .   (no cloak)
rCorr    .         Harm     .   (no gloves)
MR       .....                  (no boots)
Stlth    ++........             E - amulet of regeneration
HPRegen  0.52/turn              g - ring of fire
MPRegen  0.16/turn              r - ring of wizardry

@: paralysed, slowed
A: no striking features
a: no special abilities


You were on level 6 of the Dungeon.
You were not hungry.

You visited 1 branch of the dungeon, and saw 6 of its levels.
You also visited: Sewer.

You collected 344 gold pieces.

Inventory:

Hand Weapons
 b - a +0 short sword (weapon)
 l - a +0 dagger
 A - a +0 blowgun
 N - a +2 hand axe of freezing
Missiles
 h - 109 stones (quivered)
 i - 126 arrows
 o - 41 sling bullets
 t - 30 poisoned needles
 H - 5 tomahawks
 O - 25 bolts
Armour
 k - a +0 plate armour
 y - a +0 helmet (worn)
 J - the +3 leather armour of the Moon Troll (worn) {rC- Str+2 Int+3}
   (You found it on level 4 of the Dungeon)

   It affects your strength (+2).
   It affects your intelligence (+3).
   It makes you vulnerable to cold.
Jewellery
 d - an uncursed ring of stealth
 f - an uncursed ring of positive energy
 g - a ring of fire (left hand)
 r - a ring of wizardry (right hand)
 E - an amulet of regeneration (around neck)
Wands
 w - a wand of digging (3)
 D - a wand of enslavement (30)
Scrolls
 e - 4 scrolls of fear {unknown}
 j - 3 scrolls of identify
 q - a scroll of noise {unknown}
 s - 2 scrolls of amnesia {unknown}
 u - a scroll of enchant weapon {unknown}
 v - a scroll of fog {unknown}
 B - a scroll of magic mapping {unknown}
 F - a scroll of teleportation {unknown}
 G - 2 scrolls of random uselessness {unknown}
 I - a scroll of remove curse {unknown}
 L - a scroll of summoning {unknown}
 M - 2 scrolls of blinking {unknown}
Potions
 m - a potion of agility {unknown}
 n - 2 potions of mutation {unknown}
 x - a potion of haste {unknown}
 z - a potion of might {unknown}
 K - a potion of brilliance {unknown}
 P - a potion of lignification {unknown}
Comestibles
 c - 6 rations


   Skills:
 + Level 0.9 Short Blades
 + Level 2.7 Dodging
 - Level 2.7 Stealth
 - Level 6.8 Spellcasting
 - Level 1.1 Conjurations
 - Level 1.0 Hexes
 + Level 7.8 Fire Magic


You had 10 spell levels left.
You knew the following spells:

 Your Spells              Type           Power        Failure   Level  Hunger
a - Flame Tongue          Conj/Fire      #####        1%          1    None
b - Conjure Flame         Conj/Fire      #####...     1%          3    None
c - Throw Flame           Conj/Fire      #####.       1%          2    None
d - Inner Flame           Hex/Fire       #####...     1%          3    None

Your spell library contained the following spells:

 Spells                   Type           Power        Failure   Level  Hunger
 Sticky Flame             Conj/Fire      #####...     6%          4    ###....
 Fireball                 Conj/Fire      #####.....   17%         5    #####..


Dungeon Overview and Level Annotations

Branches:
Dungeon (6/15)
 Temple: D:4-7

Altars:
Gozag
Nemelex Xobeh
Vehumet
Zin

Shops:
D:5 [


Message History

The hornet stings you.
You are poisoned.
You feel as though you will be slow longer.
The hornet stings you but does no damage.
You feel sick.
The adder hisses angrily.
The hornet completely misses you.
You see here a +0 club.
You feel sick. The hornet stings you.
You feel as though you will be slow longer.
You feel sick. The hornet stings you.
* * * LOW HITPOINT WARNING * * *
You feel as though you will be slow longer.
You feel better. The hornet stings you.
You suddenly lose the ability to move!
The hornet stings you!
* * * LOW HITPOINT WARNING * * *
You feel as though you will be slow longer.
The hippogriff screeches!
The hornet stings you!
You die...

..............
....##. ... ##
#....... ... H .
#......$ .. .#
#.##... .S.# ....#
..... ...## .#..#
... #..# ...
#.#####.####.#.###.
#.<.†.))†Sy@.......
########...........
#...........
##..........
#..........
#..........
#..........
#..........


You could see a hippogriff, a hornet and an adder.

Vanquished Creatures
  Menkaure (D:4)
  An ogre (D:4)
  A crocodile (Sewer)
  A hound (D:5)
  An orc priest (D:4)
  Ijyb (D:3)
  Terence (D:2)
  2 orc wizards
  A worker ant (D:1)
  3 gnolls (D:3)
  11 adders
  A river rat (D:3)
  3 shadow imps
  An ooze (D:4)
  2 worms (D:3)
  4 dart slugs
  4 leopard geckos
  15 orcs
  2 ball pythons
  4 giant cockroaches
  8 goblins
  8 hobgoblins
  9 kobolds
  2 quokkas
  8 bats
  5 frilled lizards
  A jackal skeleton (D:4)
  2 jackal zombies
  A leopard gecko skeleton (D:4)
  8 rats
112 creatures vanquished.

Vanquished Creatures (others)
  An adder (D:2)
  A goblin (D:2)
2 creatures vanquished.

Grand Total: 114 creatures vanquished

Notes
Turn   | Place    | Note
-------+----------+-------------------------------------------
     0 | D:1      | MisterOstroum the Deep Elf Fire Elementalist began the
                  | quest for the Orb.
     0 | D:1      | Reached XP level 1. HP: 10/10 MP: 6/6
   349 | D:1      | Reached XP level 2. HP: 9/15 MP: 4/8
   722 | D:1      | Reached skill level 4 in Fire Magic
  1412 | D:2      | Reached XP level 3. HP: 19/19 MP: 7/9
  1872 | D:2      | Found a radiant altar of Vehumet.
  2068 | D:2      | Noticed Terence
  2084 | D:2      | Killed Terence
  2084 | D:2      | Reached skill level 5 in Fire Magic
  2084 | D:2      | Reached XP level 4. HP: 18/24 MP: 7/12
  2196 | D:3      | Found a glowing drain.
  2430 | D:2      | Learned a level 3 spell: Conjure Flame
  2433 | D:2      | Learned a level 2 spell: Throw Flame
  2437 | D:2      | Learned a level 3 spell: Inner Flame
  2748 | Sewer    | Entered a sewer
  2867 | Sewer    | Noticed a crocodile
  2895 | Sewer    | Killed a crocodile
  2895 | Sewer    | Reached skill level 5 in Spellcasting
  2895 | Sewer    | Reached XP level 5. HP: 28/28 MP: 1/14
  3723 | D:3      | Reached skill level 6 in Fire Magic
  3723 | D:3      | Reached XP level 6. HP: 23/32 MP: 4/16
  3810 | D:3      | Noticed Ijyb
  3813 | D:3      | Killed Ijyb
  4225 | D:4      | Reached skill level 1 in Hexes
  4537 | D:4      | Found an opulent altar of Gozag.
  4537 | D:4      | Found a glowing silver altar of Zin.
  5176 | D:4      | Got a scorched leather armour
  5245 | D:4      | Reached XP level 7. HP: 30/36 MP: 14/19
  5249 | D:4      | Noticed Menkaure
  5303 | D:4      | Killed Menkaure
  5303 | D:4      | Reached skill level 7 in Fire Magic
  5428 | D:5      | Entered Level 5 of the Dungeon
  5644 | D:5      | Found a sparkling altar of Nemelex Xobeh.
  5921 | D:5      | Found Homoycug's Antique Armour Shop.
  5934 | D:5      | Identified the +3 leather armour of the Moon Troll {rC-
                  | Str+2 Int+3} (You found it on level 4 of the Dungeon)
  6046 | D:6      | Noticed a hippogriff
  6112 | D:6      | Noticed a hornet
  6119 | D:6      | HP: 1/36 [hornet (11)]
  6128 | D:6      | Paralysed by a hornet for 2 turns
  6128 | D:6      | HP: 1/36 [hornet (10)]
  6129 | D:6      | Mangled by a hornet

Skill      XL: |  1  2  3  4  5  6  7 |
---------------+----------------------+-----
Fire Magic     | 4 5 6 7 |  7.8
Spellcasting   | 4 5 6 |  6.8
Hexes          | 1 |  1.0
Short Blades   | |  0.9
Dodging        | |  2.7
Stealth        | |  2.7
Conjurations   | |  1.1

Action                   |  1- 3 |  4- 6 |  7- 9 || total
-------------------------+-------+-------+-------++-------
Melee: Short sword       |    29 |    43 |    11 ||    83
Throw: Stone             |     3 |       |       ||     3
 Cast: Flame Tongue      |    62 |    21 |    22 ||   105
       Throw Flame       |       |    79 |    34 ||   113
       Conjure Flame     |       |     2 |     1 ||     3
       Inner Flame       |       |     2 |       ||     2
Evoke: Wand              |       |       |     1 ||     1
  Use: Potion            |       |     2 |     3 ||     5
       Scroll            |       |       |     1 ||     1
 Stab: Sleeping          |     2 |     2 |       ||     4
  Eat: Chunk             |     3 |     7 |     3 ||    13
       Ration            |       |     1 |       ||     1
Armor: Robe              |     5 |    18 |     1 ||    24
       Leather armour    |       |       |     9 ||     9
Dodge: Dodged            |    39 |    57 |    28 ||   124
